 Dungeon Crawl Stone Soup version 0.28-a0-991-g956f0ee3d5 (webtiles) character file.

Game seed: 7417092419716473154

97006 Gargoyl the Warrior (level 16, -13/138 HPs)
             Began as a Gnoll Abyssal Knight on Dec 5, 2021.
             Was the Champion of Lugonu.
             Killed from afar by Roxanne (56 damage)
             ... with a crystal spear
             ... on level 14 of the Dungeon.
             The game lasted 00:38:05 (31468 turns).

Gargoyl the Warrior (Gnoll Abyssal Knight)         Turns: 31468, Time: 00:38:06

Health: -13/138    AC: 33    Str: 24    XL:     16   Next: 18%
Magic:  30/30      EV: 15    Int: 11    God:    Lugonu [******]
Gold:   1281       SH: 11    Dex: 14    Spells: 36/36 levels left

rFire   . . .      SeeInvis .   q - +6 war axe (elec)
rCold   + . .      Faith    .   z - +0 kite shield
rNeg    . . .      Spirit   .   i - +4 plate armour {rC+}
rPois   +          Reflect  .   h - +1 helmet
rElec   .          Harm     .   c - +2 cloak {rPois}
rCorr   .          Rampage  +   W - +1 pair of gloves
Will    +....                   j - +2 pair of boots {rampage}
Stlth   ..........              (no amulet)
HPRegen 0.33/turn               C - +4 ring of evasion
MPRegen 0.22/turn               P - +6 ring of strength

@: studying Fighting
A: fangs 1, strong nose, distributed training, iridescent scales 1, MP-powered
wands
a: Renounce Religion, Depart the Abyss, Bend Space, Banish, Corrupt, Enter the
Abyss, Brand Weapon With Distortion


You were on level 14 of the Dungeon.
You worshipped Lugonu.
Lugonu was exalted by your worship.
You visited 2 branches of the dungeon, and saw 20 of its levels.
You visited the Abyss 1 time.

You collected 2730 gold pieces.
You spent 1449 gold pieces at shops.

Inventory:

Hand Weapons
 a - a +1 hand axe
 g - a +5 vampiric long sword
 q - a +6 war axe of electrocution (weapon)
 T - a +3 scimitar of flaming
Missiles
 b - a throwing net
 y - 83 poisoned darts (quivered)
Armour
 c - a +2 cloak of poison resistance (worn)
 h - a +1 helmet (worn)
 i - a +4 plate armour of cold resistance (worn)
 j - a +2 pair of boots of rampaging (worn)
 z - a +0 kite shield (worn)
 W - a +1 pair of gloves (worn)
Jewellery
 C - a +4 ring of evasion (left hand)
 D - a +4 ring of evasion
 L - a +6 ring of intelligence
 M - a +4 ring of protection
 O - a +6 ring of intelligence
 P - a +6 ring of strength (right hand)
 R - an amulet of the acrobat
 S - a +6 ring of strength
 V - a ring of resist corrosion
Wands
 m - a wand of digging (5)
 p - a wand of iceblast (21)
 s - a wand of paralysis (20)
 v - a wand of acid (14)
 B - a wand of charming (6)
 F - a wand of polymorph (1)
 G - a wand of mindburst (9)
 H - a wand of flame (4)
Scrolls
 e - 6 scrolls of blinking
 r - 6 scrolls of teleportation
 u - 2 scrolls of fear
 w - 7 scrolls of magic mapping
 A - 3 scrolls of brand weapon
 E - 3 scrolls of summoning
 J - 2 scrolls of fog
 Q - 5 scrolls of identify
Potions
 d - 2 potions of might
 f - 5 potions of lignification
 k - a potion of mutation
 l - 2 potions of brilliance
 n - 6 potions of haste
 o - 6 potions of curing
 t - 2 potions of magic
 x - 2 potions of flight
 K - 2 potions of resistance
 N - 2 potions of invisibility
 U - 2 potions of heal wounds
Miscellaneous
 I - a lightning rod (4/4)


   Skills:
 + Level 16.0 Fighting
 + Level 10.7 Short Blades
 + Level 10.7 Long Blades
 + Level 11.6 Axes
 + Level 10.7 Maces & Flails
 + Level 10.7 Polearms
 + Level 10.7 Staves
 + Level 10.7 Slings
 + Level 10.7 Bows
 + Level 10.7 Crossbows
 + Level 10.7 Throwing
 + Level 11.6 Armour
 + Level 11.0 Dodging
 + Level 10.7 Stealth
 + Level 10.7 Shields
 + Level 10.7 Unarmed Combat
 + Level 10.7 Spellcasting
 + Level 9.0 Conjurations
 + Level 9.0 Hexes
 + Level 9.0 Summonings
 + Level 9.0 Necromancy
 + Level 9.0 Translocations
 + Level 9.0 Transmutations
 + Level 9.0 Fire Magic
 + Level 9.0 Ice Magic
 + Level 9.0 Air Magic
 + Level 9.0 Earth Magic
 + Level 9.0 Poison Magic
 + Level 12.5 Invocations
 + Level 10.7 Evocations


You had 36 spell levels left.
You didn't know any spells.
Your spell library contained the following spells:

 Spells                   Type           Power      Damage    Failure   Level
 Animate Skeleton         Necr           50%        N/A       4%          1
 Apportation              Tloc           50%        N/A       4%          1
 Pain                     Necr           100%       1d9       4%          1
 Summon Small Mammal      Summ           100%       N/A       4%          1
 Blink                    Tloc           50%        N/A       8%          2
 Corpse Rot               Necr/Air       50%        N/A       8%          2
 Call Canine Familiar     Summ           25%        N/A       16%         3
 Frozen Ramparts          Ice            50%        1d7       16%         3
 Gell's Gravitas          Tloc           25%        N/A       16%         3
 Ignite Poison            Fire/Tmut/Pois 25%        N/A       16%         3
 Lesser Beckoning         Tloc           25%        N/A       16%         3
 Mephitic Cloud           Conj/Pois/Air  25%        N/A       16%         3
 Portal Projectile        Hex/Tloc       50%        N/A       16%         3
 Teleport Other           Tloc           25%        N/A       16%         3
 Dispel Undead            Necr           25%        3d12      45%         4
 Hailstorm                Conj/Ice       25%        3d7       45%         4
 Ice Form                 Ice/Tmut       25%        N/A       45%         4
 Leda's Liquefaction      Hex/Erth       12%        N/A       45%         4
 Summon Ice Beast         Ice/Summ       25%        N/A       45%         4
 Agony                    Necr           25%        N/A       80%         5
 Blade Hands              Tmut           12%        N/A       80%         5
 Excruciating Wounds      Necr           12%        N/A       80%         5
 Freezing Cloud           Conj/Ice/Air   12%        6-21      80%         5
 Irradiate                Conj/Tmut      12%        3d17      80%         5
 Manifold Assault         Tloc           25%        N/A       80%         5
 Summon Forest            Summ/Tloc      12%        N/A       80%         5
 Summon Mana Viper        Hex/Summ       25%        N/A       80%         5
 Death Channel            Necr           12%        N/A       100%        6
 Dispersal                Tloc           12%        N/A       100%        6
 Simulacrum               Ice/Necr       12%        N/A       100%        6
 Summon Cactus Giant      Summ           12%        N/A       100%        6
 Dragon Form              Tmut           12%        N/A       100%        7


Dungeon Overview and Level Annotations

Branches:
Dungeon (14/15)            Temple (0/1) D:6            Lair (6/6) D:11
  Swamp (0/4) Lair:3       Spider (0/4) Lair:4        Slime (0/5) Lair:5
    Orc (0/2) D:11         Vaults (0/5) D:13

Altars:
Hepliaklqana
Nemelex Xobeh

Shops:
D:2 ([*!:

Annotations:
D:7 2 transporters
D:12 3 runed translucent doors, fly's ghost, journeyman FoDe
D:14 3 runed translucent doors, Boig's ghost, journeyman GrFi; Roxanne
Abyss:1 Erica


Innate Abilities, Weirdness & Mutations

You have very sharp teeth.
Your uncanny sense of smell can sniff out nearby items.
Your experience applies equally to all skills.
You are partially covered in iridescent scales. (AC +2)
You expend magic power (3 MP) to strengthen your wands.


Message History

Unknown command.
You hit Roxanne but do no damage. You bite Roxanne, but do no damage.
Roxanne is lightly damaged.
Roxanne casts a spell.
The crystal spear hits you!!!
You slash Roxanne! You bite Roxanne, but do no damage.
Roxanne is lightly damaged.
Unknown command.
You hit Roxanne but do no damage. You bite Roxanne, but do no damage.
Roxanne is lightly damaged.
Unknown command.
You hit Roxanne.
Roxanne is lightly damaged.
You hit Roxanne but do no damage. You bite Roxanne.
Roxanne is lightly damaged.
Roxanne casts a spell.
You blink.
Unknown command.
Unknown command.
You hit Roxanne. You bite Roxanne, but do no damage.
Roxanne is lightly damaged.
You slice Roxanne!!
Roxanne is moderately damaged.
You slash Roxanne! You bite Roxanne, but do no damage.
Roxanne is moderately damaged.
You hit Roxanne.
Roxanne is moderately damaged.
You slash Roxanne!
Roxanne is moderately damaged.
Roxanne casts a spell.
The bolt of magma hits you!
You hit Roxanne.
Roxanne is moderately damaged.
Roxanne mumbles some strange words.
The bolt of magma hits you!!
You slash Roxanne!
Roxanne is heavily damaged.
Roxanne casts a spell.
The crystal spear hits you!!!
You die...

..... ####. #.
##########.
#..........
#..........
#.......... #####
#..........
##..@######......[...
#..8.................
#............#######.
#............# ##
##...........# #####.
#...........###.....
#...........##......
#...........#.......
#...............#.รท.


You could see Roxanne.

Vanquished Creatures
  An ironbound preserver (D:13)
  4 catoblepae
  9 hydras
  A boulder beetle (D:10)
  An ogre mage (D:12)
  6 centaur warriors
  A two-headed ogre (shapeshifter) (D:12)
  A death knight (D:12)
  13 death yaks
  5 two-headed ogres
  2 skeletal warriors (D:10)
  A wizard (D:14)
  A lindwurm (Lair:5)
  4 deep elf pyromancers
  An oklob plant (Lair:5)
  14 ugly things
  6 cyclopes
  Joseph (D:7)
  20 elephants
  2 manticores (Lair:6)
  8 black mambas
  3 gargoyles
  10 cane toads
  4 rime drakes
  2 efreet
  An unseen horror (D:6)
  7 yaktaurs
  3 freezing wraiths
  13 komodo dragons
  A tengu conjurer (D:12)
  4 trolls
  A polar bear (Lair:5)
  5 jumping spiders (Lair:4)
  2 hornets
  3 slime creatures
  Grinder (D:4)
  30 blink frogs
  5 dream sheep (Lair:4)
  8 spriggans (Lair:2)
  Sigmund (D:2)
  2 redbacks (Lair:4)
  3 wyverns
  3 shadows
  A vampire (D:13)
  80 yaks
  3 wraiths
  4 basilisks
  4 vampire mosquitoes (D:13)
  Eustachio (D:5)
  2 steam dragons (D:10)
  3 swamp worms (Lair:3)
  2 acid dragons
  15 water moccasins
  Duvessa (D:6)
  3 orc warriors
  A sky beast (D:6)
  3 black bears
  4 ice beasts
  4 wolves
  2 necrophages
  2 boggarts
  13 centaurs
  2 kobold brigands
  10 bullfrogs
  A gnoll sergeant (D:11)
  A wyvern zombie (D:6)
  A scorpion (D:4)
  5 wights (D:7)
  12 killer bees
  Dowan (D:6)
  4 centaur zombies
  6 howler monkeys
  2 bullfrog zombies
  5 hounds
  4 orc priests
  4 jellies
  A gnoll shaman (D:6)
  Crazy Yiuf (D:4)
  A centaur skeleton (D:7)
  Jessica (D:3)
  An iguana (D:5)
  Terence (D:2)
  19 orc wizards
  A hell rat (Lair:2)
  A killer bee zombie (D:6)
  A hound skeleton (D:5)
  A mummy (D:6)
  Robin (D:2)
  13 gnolls
  4 howler monkey zombies
  6 adders
  A shadow imp (D:6)
  2 white imps
  A worm (D:3)
  2 dart slugs
  43 orcs
  8 bats
  7 endoplasms
  4 giant cockroaches
  16 goblins
  11 hobgoblins
  7 jackals
  15 kobolds
  7 quokkas
  2 ball pythons (D:4)
  2 orc zombies (D:6)
  4 rats
  2 bushes (Lair:5)
607 creatures vanquished.

Vanquished Creatures (collateral kills)
  A vampire (D:9)
1 creature vanquished.

Vanquished Creatures (others)
  A hound (D:11)
  2 orc wizards
  An orc (D:6)
  A bush (Lair:5)
  43 fungi
  A lurking horror (Abyss:2)
  64 plants
113 creatures vanquished.

Grand Total: 721 creatures vanquished

Notes
Turn   | Place    | Note
-------+----------+-------------------------------------------
     0 | Abyss:1  | Gargoyl the Gnoll Abyssal Knight began the quest for the
                  | Orb.
     0 | Abyss:1  | Reached XP level 1. HP: 23/23 MP: 3/3
   168 | Abyss:2  | Noticed a jiangshi
   170 | Abyss:2  | Noticed an iron imp
   175 | Abyss:3  | Found a corrupted altar of Lugonu.
   191 | Abyss:3  | Noticed a wretched star
   192 | D:1      | Escaped the Abyss
   442 | D:1      | Reached XP level 2. HP: 29/29 MP: 5/5
   442 | D:1      | Reached * piety under Lugonu
   541 | D:1      | Found a faded altar of an unknown god.
   977 | D:2      | Found Uxoe's Antique Weapon Shoppe.
  1007 | D:2      | Reached XP level 3. HP: 29/35 MP: 6/6
  1008 | D:2      | Identified a scroll of acquirement
  1008 | D:2      | Acquired 1197 gold pieces
  1119 | D:2      | Bought a glowing long sword for 149 gold pieces
  1131 | D:2      | Noticed Robin
  1165 | D:2      | Killed Robin
  1180 | D:2      | Reached skill level 1 in Short Blades
  1180 | D:2      | Reached skill level 1 in Long Blades
  1180 | D:2      | Reached skill level 1 in Maces & Flails
  1180 | D:2      | Reached skill level 1 in Polearms
  1180 | D:2      | Reached skill level 1 in Staves
  1180 | D:2      | Reached skill level 1 in Slings
  1180 | D:2      | Reached skill level 1 in Bows
  1180 | D:2      | Reached skill level 1 in Crossbows
  1180 | D:2      | Reached skill level 1 in Throwing
  1180 | D:2      | Reached skill level 1 in Stealth
  1180 | D:2      | Reached skill level 1 in Shields
  1180 | D:2      | Reached skill level 1 in Unarmed Combat
  1180 | D:2      | Reached skill level 1 in Spellcasting
  1180 | D:2      | Reached skill level 1 in Evocations
  1381 | D:2      | Found Jiriah's Antique Armour Emporium.
  1391 | D:2      | Bought a glowing plate armour for 676 gold pieces
  1391 | D:2      | Bought a pair of glowing boots for 195 gold pieces
  1391 | D:2      | Bought a cloak for 117 gold pieces
  1434 | D:2      | Found Sefut's Distillery.
  1455 | D:2      | Reached XP level 4. HP: 41/41 MP: 7/7
  1462 | D:2      | Bought 2 potions of heal wounds for 120 gold pieces
  1690 | D:2      | Found Ruzaleacs's Book Shop.
  1736 | D:2      | Noticed Sigmund
  1990 | D:2      | Killed Sigmund
  1991 | D:2      | Reached skill level 7 in Fighting
  1991 | D:2      | Reached skill level 1 in Conjurations
  1991 | D:2      | Reached skill level 1 in Hexes
  1991 | D:2      | Reached skill level 1 in Summonings
  1991 | D:2      | Reached skill level 1 in Necromancy
  1991 | D:2      | Reached skill level 1 in Translocations
  1991 | D:2      | Reached skill level 1 in Transmutations
  1991 | D:2      | Reached skill level 1 in Fire Magic
  1991 | D:2      | Reached skill level 1 in Ice Magic
  1991 | D:2      | Reached skill level 1 in Air Magic
  1991 | D:2      | Reached skill level 1 in Earth Magic
  1991 | D:2      | Reached skill level 1 in Poison Magic
  1991 | D:2      | Reached skill level 5 in Invocations
  1991 | D:2      | Reached XP level 5. HP: 48/48 MP: 8/8
  1991 | D:2      | Reached XP level 6. HP: 55/55 MP: 9/9
  2098 | D:2      | Found Xurghiat's Assorted Antiques.
  2243 | D:2      | Reached ** piety under Lugonu
  2270 | D:2      | Noticed Terence
  2280 | D:2      | Killed Terence
  2469 | D:2      | Bought a potion of mutation for 96 gold pieces
  2469 | D:2      | Gained mutation: You are partially covered in iridescent
                  | scales. (AC +2) [potion of mutation]
  2469 | D:2      | Gained mutation: You have a pair of small horns on your
                  | head. [potion of mutation]
  2469 | D:2      | Gained mutation: You are weak. (Str -2) [potion of
                  | mutation]
  2469 | D:2      | Gained mutation: You are mostly covered in iridescent
                  | scales. (AC +4) [potion of mutation]
  2470 | D:2      | Lost mutation: You are mostly covered in iridescent scales.
                  | (AC +4) [potion of mutation]
  2470 | D:2      | Lost mutation: You are weak. (Str -2) [potion of mutation]
  2470 | D:2      | Lost mutation: You have a pair of small horns on your head.
                  | [potion of mutation]
  2470 | D:2      | Gained mutation: You passively dampen the noise of your
                  | surroundings. [potion of mutation]
  2766 | D:3      | Reached skill level 5 in Axes
  2766 | D:3      | Reached skill level 5 in Armour
  2772 | D:3      | Noticed Jessica
  2789 | D:3      | Killed Jessica
  2903 | D:3      | Noticed a necrophage
  2913 | D:3      | Killed a necrophage
  3197 | D:3      | Reached XP level 7. HP: 11/60 MP: 10/10
  4216 | D:4      | HP: 2/60 [poisoned by an orc wizard]
  4588 | D:4      | Noticed Grinder
  4596 | D:4      | Killed Grinder
  4724 | D:4      | Found a runed translucent door.
  4725 | D:4      | Noticed Crazy Yiuf
  4869 | D:4      | Reached XP level 8. HP: 68/68 MP: 12/12
  4982 | D:4      | Reached *** piety under Lugonu
  5215 | D:4      | Killed Crazy Yiuf
  5216 | D:4      | Reached skill level 8 in Fighting
  5315 | D:2      | Bought a potion of mutation for 96 gold pieces
  5378 | D:5      | Entered Level 5 of the Dungeon
  5699 | D:5      | Noticed Eustachio
  5709 | D:5      | Killed Eustachio
  5913 | D:5      | Found a hazy altar of Hepliaklqana.
  6292 | D:6      | Found a staircase to the Ecumenical Temple.
  6730 | D:6      | Reached XP level 9. HP: 75/75 MP: 14/14
  6740 | D:6      | Noticed Duvessa
  6740 | D:6      | Noticed Dowan
  6780 | D:6      | Killed Duvessa
  6791 | D:6      | Killed Dowan
  6878 | D:6      | Reached **** piety under Lugonu
  7186 | D:6      | Reached skill level 9 in Fighting
  7186 | D:6      | Reached skill level 5 in Dodging
  7543 | D:6      | Killed an unseen horror
  7813 | D:7      | Found a transporter.
  7838 | D:7      | Found a transporter.
  7843 | D:7      | Reached XP level 10. HP: 82/83 MP: 17/17
  8005 | D:7      | Reached skill level 5 in Short Blades
  8005 | D:7      | Reached skill level 5 in Long Blades
  8005 | D:7      | Reached skill level 5 in Maces & Flails
  8005 | D:7      | Reached skill level 5 in Polearms
  8005 | D:7      | Reached skill level 5 in Staves
  8005 | D:7      | Reached skill level 5 in Slings
  8005 | D:7      | Reached skill level 5 in Bows
  8005 | D:7      | Reached skill level 5 in Crossbows
  8005 | D:7      | Reached skill level 5 in Throwing
  8005 | D:7      | Reached skill level 5 in Stealth
  8005 | D:7      | Reached skill level 5 in Shields
  8005 | D:7      | Reached skill level 5 in Unarmed Combat
  8005 | D:7      | Reached skill level 5 in Spellcasting
  8005 | D:7      | Reached skill level 5 in Evocations
  8183 | D:7      | Noticed Joseph
  8313 | D:7      | Killed Joseph
  8642 | D:7      | Reached ***** piety under Lugonu
  8740 | D:7      | Banished an unseen horror
  8741 | D:7      | Reached skill level 10 in Fighting
  9268 | D:8      | Paralysed by a hornet for 1 turns
  9838 | D:8      | Noticed a gargoyle
  9853 | D:8      | Killed a gargoyle
 10209 | D:9      | Identified the +9 flail of Quick Death {vorpal, rC++ rN+
                  | MP+9 Str-5}
 10568 | D:9      | Noticed Erica
 10582 | D:9      | Banished Erica
 10583 | D:9      | Reached XP level 11. HP: 26/92 MP: 10/19
 10608 | D:9      | Reached skill level 5 in Conjurations
 10608 | D:9      | Reached skill level 5 in Hexes
 10608 | D:9      | Reached skill level 5 in Summonings
 10608 | D:9      | Reached skill level 5 in Necromancy
 10608 | D:9      | Reached skill level 5 in Translocations
 10608 | D:9      | Reached skill level 5 in Transmutations
 10608 | D:9      | Reached skill level 5 in Fire Magic
 10608 | D:9      | Reached skill level 5 in Ice Magic
 10608 | D:9      | Reached skill level 5 in Air Magic
 10608 | D:9      | Reached skill level 5 in Earth Magic
 10608 | D:9      | Reached skill level 5 in Poison Magic
 11077 | D:10     | Entered Level 10 of the Dungeon
 11104 | D:10     | Reached skill level 11 in Fighting
 11898 | D:10     | Noticed a brown ugly thing
 11910 | D:10     | Killed a brown ugly thing
 12253 | D:10     | Noticed a two-headed ogre
 12268 | D:10     | Killed a two-headed ogre
 12453 | D:10     | Noticed a skeletal warrior
 12455 | D:10     | Noticed a boulder beetle
 12466 | D:10     | Killed a skeletal warrior
 12475 | D:10     | Reached XP level 12. HP: 88/101 MP: 22/22
 12955 | D:10     | Killed a boulder beetle
 13263 | D:10     | Identified the ring of Xoriuher {rElec rPois rF+ Str-3
                  | Dex-3}
 13282 | D:10     | Identified the +5 scythe of Gallantry {vorpal, rElec Str-4
                  | Dex+8}
 13526 | D:11     | Found a staircase to the Lair.
 13549 | D:11     | Reached skill level 12 in Fighting
 13671 | D:11     | Found a staircase to the Orcish Mines.
 13685 | D:11     | Noticed a death knight
 13721 | D:11     | Banished a death knight
 15205 | Lair:1   | Entered Level 1 of the Lair of Beasts
 15924 | Lair:1   | Identified the +1 scale mail "Ella" {Int+3 Dex+2 Stlth+}
 16016 | Lair:1   | Reached XP level 13. HP: 109/109 MP: 24/24
 16748 | Lair:2   | Reached skill level 13 in Fighting
 16748 | Lair:2   | Reached skill level 10 in Invocations
 18931 | Lair:3   | Found a staircase to the Swamp.
 19819 | Lair:4   | You fall into a shaft and drop 1 floor!
 20423 | Lair:4   | Reached skill level 10 in Axes
 20423 | Lair:4   | Reached skill level 10 in Armour
 20423 | Lair:4   | Reached XP level 14. HP: 76/119 MP: 26/26
 20896 | Lair:5   | Reached skill level 14 in Fighting
 21258 | Lair:4   | Found a hole to the Spider Nest.
 22081 | Lair:5   | Found a staircase to the Slime Pits.
 23860 | Lair:6   | Entered Level 6 of the Lair of Beasts
 24584 | Lair:6   | Reached skill level 10 in Dodging
 25066 | Lair:5   | Reached XP level 15. HP: 120/127 MP: 28/28
 25150 | Lair:6   | Reached ****** piety under Lugonu
 25166 | Lair:6   | Reached skill level 15 in Fighting
 25623 | Lair:6   | Reached skill level 10 in Short Blades
 25623 | Lair:6   | Reached skill level 10 in Long Blades
 25623 | Lair:6   | Reached skill level 10 in Maces & Flails
 25623 | Lair:6   | Reached skill level 10 in Polearms
 25623 | Lair:6   | Reached skill level 10 in Staves
 25623 | Lair:6   | Reached skill level 10 in Slings
 25623 | Lair:6   | Reached skill level 10 in Bows
 25623 | Lair:6   | Reached skill level 10 in Crossbows
 25623 | Lair:6   | Reached skill level 10 in Throwing
 25623 | Lair:6   | Reached skill level 10 in Stealth
 25623 | Lair:6   | Reached skill level 10 in Shields
 25623 | Lair:6   | Reached skill level 10 in Unarmed Combat
 25623 | Lair:6   | Reached skill level 10 in Spellcasting
 25623 | Lair:6   | Reached skill level 10 in Evocations
 26614 | D:11     | Lost mutation: You are partially covered in iridescent
                  | scales. (AC +2) [potion of mutation]
 26614 | D:11     | Lost mutation: You passively dampen the noise of your
                  | surroundings. [potion of mutation]
 26614 | D:11     | Gained mutation: You are partially covered in iridescent
                  | scales. (AC +2) [potion of mutation]
 26614 | D:11     | Gained mutation: You expend magic power (3 MP) to
                  | strengthen your wands. [potion of mutation]
 27336 | D:12     | Found a runed translucent gate.
 27337 | D:12     | Found a runed translucent gate.
 27337 | D:12     | Found a runed translucent gate.
 27340 | D:12     | Noticed fly's ghost (journeyman FoDe)
 29033 | D:13     | Found a gate to the Vaults.
 30241 | D:14     | Reached XP level 16. HP: 138/138 MP: 30/30
 30780 | D:14     | Reached skill level 16 in Fighting
 31017 | D:14     | Found a sparkling altar of Nemelex Xobeh.
 31185 | D:14     | Noticed Boig's ghost (journeyman GrFi)
 31214 | D:14     | Found a runed translucent gate.
 31231 | D:14     | Found a runed translucent gate.
 31234 | D:14     | Found a runed translucent gate.
 31244 | D:14     | Identified the +1 chain mail of the Barnacle {Rampage rC+
                  | Regen+ Int-4}
 31244 | D:14     | Identified the +9 halberd "Weirisa" {flame, *Rage Str+7
                  | Stlth+}
 31447 | D:14     | Noticed Roxanne
 31468 | D:14     | Killed from afar by Roxanne

Illustrated notes

Levels and vault maps discovered:
D:1:      heliophobic_arrival_battle_scene, layout_basic,
          shapermc_ecumenical_altar_mp_highgroup
D:2:      layout_basic, serial_shops, shop, nicolae_shop_advertising_works
          [nicolae_subvault_shop_adworks], nicolae_shop_crystal,
          nicolae_shop_competitors_out_of_business, nicolae_shop_trees,
          minmay_goblin_kobold_house, uniq_sigmund, uniq_robin, uniq_terence
D:3:      layout_basic, minivault_23, uniq_jessica
D:4:      layout_loops_cross, nrook_campfire, minivault_23,
          kennysheep_opposing_triangles, uniq_grinder, uniq_crazy_yiuf_cottage
D:5:      layout_cave_pods, kennysheep_mini_moat, grunt_decor_arrowhead,
          uniq_eustachio
D:6:      minmay_chambers_of_sixes, layout_basic, minmay_temple_entry_grid,
          nicolae_ossuary_entry_giza, minmay_misc_feat_doors, uniq_duvessa
D:7:      gammafunk_steamed_eel, layout_loops_ring, uniq_joseph
D:8:      layout_cave_pools
D:9:      layout_loops_ring, minmay_misc_feat_diagonals, uniq_erica
D:10:     minmay_the_grid_triangle_9x9_rhombus_full
          [minmay_the_grid_triangle_9x9_impossible_snake,
          minmay_the_grid_triangle_9x9_corruption,
          minmay_the_grid_triangle_9x9_cache,
          minmay_the_grid_triangle_9x9_warning,
          minmay_the_grid_triangle_9x9_flanged_cone,
          minmay_the_grid_triangle_9x9_limited_checkers,
          minmay_the_grid_triangle_9x9_wacky_v,
          minmay_the_grid_triangle_9x9_prize_insulated], layout_rooms
D:11:     layout_loops_corners, erik_lair_island, dk_vineyard_2,
          minmay_diced_spiral
D:12:     minmay_inside_and_out, layout_cross, gammafunk_ghost_split
D:13:     layout_stronghold, skrybe_vaults_entry_preservation
D:14:     layout_basic, portal_ice_cave_entry_ugly_swarm, lemuel_doored_altar,
          biasface_ghost_orc_armoury, uniq_roxanne
Lair:1:   layout_roguey
Lair:2:   kb_forest_paths, layout_gridlike, st_stairs_13,
          cheibrodos_lair_reptile_den
Lair:3:   layout_roguey, palyth_hydra_swamp_entry
Lair:4:   layout_misc_corridors, nicolae_spider_entry_tight_spaces,
          serial_rivers, chequers_serial_rivers_room_b,
          chequers_serial_rivers_large_a, chequers_serial_rivers_micro_e,
          chequers_serial_rivers_small_b, chequers_serial_rivers_micro_a,
          infiniplex_staircase_pool_2
Lair:5:   layout_gridlike, minmay_slime_entry_pillars,
          nicolae_volcano_entry_vermiform, minmay_lair_oklob_bushes
Lair:6:   evilmike_catoblepas_cave, layout_misc_corridors, lemuel_fruit_tree

Skill      XL: |  1  2  3  4  5  6  7  8  9 10 11 12 13 14 15 16 |
---------------+-------------------------------------------------+-----
Short Blades   | 1 2 3 4 5 6 7 8 9 10 | 10.7
Long Blades    | 1 2 3 4 5 6 7 8 9 10 | 10.7
Maces & Flails | 1 2 3 4 5 6 7 8 9 10 | 10.7
Polearms       | 1 2 3 4 5 6 7 8 9 10 | 10.7
Staves         | 1 2 3 4 5 6 7 8 9 10 | 10.7
Slings         | 1 2 3 4 5 6 7 8 9 10 | 10.7
Bows           | 1 2 3 4 5 6 7 8 9 10 | 10.7
Crossbows      | 1 2 3 4 5 6 7 8 9 10 | 10.7
Throwing       | 1 2 3 4 5 6 7 8 9 10 | 10.7
Stealth        | 1 2 3 4 5 6 7 8 9 10 | 10.7
Shields        | 1 2 3 4 5 6 7 8 9 10 | 10.7
Unarmed Combat | 1 2 3 4 5 6 7 8 9 10 | 10.7
Spellcasting   | 1 2 3 4 5 6 7 8 9 10 | 10.7
Evocations     | 1 2 3 4 5 6 7 8 9 10 | 10.7
Fighting       | 7 8 9 10 11 12 13 14 15 16 | 16.0
Dodging        | 3 4 5 6 7 8 9 10 11 | 11.0
Conjurations   | 1 2 3 4 5 6 7 8 9 |  9.0
Hexes          | 1 2 3 4 5 6 7 8 9 |  9.0
Summonings     | 1 2 3 4 5 6 7 8 9 |  9.0
Necromancy     | 1 2 3 4 5 6 7 8 9 |  9.0
Translocations | 1 2 3 4 5 6 7 8 9 |  9.0
Transmutations | 1 2 3 4 5 6 7 8 9 |  9.0
Fire Magic     | 1 2 3 4 5 6 7 8 9 |  9.0
Ice Magic      | 1 2 3 4 5 6 7 8 9 |  9.0
Air Magic      | 1 2 3 4 5 6 7 8 9 |  9.0
Earth Magic    | 1 2 3 4 5 6 7 8 9 |  9.0
Poison Magic   | 1 2 3 4 5 6 7 8 9 |  9.0
Invocations    | 5 6 7 8 9 10 11 12 | 12.5
Axes           | 5 6 7 8 9 10 11 | 11.6
Armour         | 5 6 7 8 9 10 11 | 11.6

Action                   |  1- 3 |  4- 6 |  7- 9 | 10-12 | 13-15 | 16-18 || total
-------------------------+-------+-------+-------+-------+-------+-------++-------
Melee: Hand axe          |    68 |       |       |       |       |       ||    68
       Bite              |     8 |     9 |    62 |   139 |   264 |    24 ||   506
       Long sword        |    57 |   142 |   459 |   888 |   742 |       ||  2288
       Punch             |       |       |     3 |    16 |       |       ||    19
       War axe           |       |       |       |   119 |   703 |    85 ||   907
       Scimitar          |       |       |       |       |    52 |     5 ||    57
Throw: Dart              |       |       |       |     5 |    22 |       ||    27
Invok: Depart the Abyss  |     1 |       |       |       |       |       ||     1
       Banish            |       |       |       |     8 |     5 |     1 ||    14
       Bend Space        |       |       |       |     1 |     3 |       ||     4
Evoke: Wand              |       |       |       |       |     2 |       ||     2
  Use: Scroll            |     2 |     1 |     7 |    22 |     8 |       ||    40
       Potion            |       |     2 |     3 |       |     3 |       ||     8
 Stab: Petrified         |       |       |       |       |     6 |       ||     6
Armor: Plate armour      |   175 |   190 |   577 |   882 |  1210 |    55 ||  3089
Dodge: Dodged            |    40 |    71 |   163 |   469 |   986 |    50 ||  1779
Block: Kite shield       |       |       |       |   347 |  1152 |    51 ||  1550

Table legend: (Time is in decaauts)
 A = Elapsed time spent in this place.
 B = Non-inter-level travel time spent in this place.
 C = Inter-level travel time spent in this place.
 D = Time resting spent in this place.
 E = Time spent auto-exploring this place.
 F = Levels seen in this place.
 G = Mean time per level.
                   A        B        C        D        E       F      G
               +--------+--------+--------+--------+--------+-----+--------+
         Total |  32006 |  31078 |    928 |   5697 |  18133 |  23 | 1391.6 |
       Dungeon |  20226 |  19465 |    761 |   2711 |  12183 |  14 | 1444.7 |
          Lair |  11587 |  11420 |    167 |   2986 |   5851 |   6 | 1931.2 |
         Abyss |    192 |    192 |      0 |      0 |     99 |   3 |   64.0 |
               +--------+--------+--------+--------+--------+-----+--------+

Top non-repeatable levels by time:
  Lair:5: 2474 daAuts
    D:10: 2418 daAuts
  Lair:4: 2385 daAuts
  Lair:6: 2230 daAuts
    D:13: 2221 daAuts
    D:11: 1851 daAuts
  Lair:2: 1661 daAuts
     D:6: 1647 daAuts
  Lair:3: 1624 daAuts
     D:7: 1620 daAuts
     D:2: 1574 daAuts
    D:12: 1508 daAuts
     D:3: 1490 daAuts
     D:4: 1455 daAuts
  Lair:1: 1211 daAuts
